 Dungeon Crawl Stone Soup version 0.31-a0-627-gd65175cf8b (webtiles) character file.

Game seed: 4706836788672659663

3399 BritishOli the Fighter (level 9, 0/78 HPs)
             Began as a Demonspawn Fighter on Aug 25, 2023.
             Was an Initiate of Makhleb.
             Killed from afar by a white imp (7 damage)
             ... with a puff of frost
             ... on level 8 of the Dungeon.
             The game lasted 00:06:03 (7223 turns).

BritishOli the Fighter (Demonspawn Fighter)         Turns: 7223, Time: 00:06:03

Health: 0/78       AC:  6    Str: 21    XL:     9   Next: 75%
Magic:  9/9        EV: 11    Int:  9    God:    Makhleb [......]
Gold:   408        SH: 14    Dex: 13    Spells: 8/8 levels left

rFire   . . .        a - +0 war axe
rCold   . . .        c - +0 buckler
rNeg    . . .        H - +0 steam dragon scales
rPois   .            (no helmet)
rElec   .            l - +0 cloak
rCorr   .            (no gloves)
SInv    .            (no boots)
Will    .....        (no amulet)
Stlth   +            (no ring)
HPRegen 0.33/turn    (no ring)
MPRegen 0.11/turn

%: no passive effects
@: attractive
A: large bone plates 2, demonic guardian 2, condensation shield, weakness
stinger 1
a: Renounce Religion


You were on level 8 of the Dungeon.
You worshipped Makhleb.
Makhleb was noncommittal.
You visited 2 branches of the dungeon, and saw 9 of its levels.

You collected 513 gold pieces.
You spent 105 gold pieces at shops.

Inventory:

Hand Weapons
 a - a +0 war axe (weapon)
Missiles
 E - 3 throwing nets
Armour
 b - a +0 scale mail
 c - a +0 buckler (worn)
 l - a +0 cloak (worn)
 H - +0 steam dragon scales (worn)
Jewellery
 t - an amulet of faith
 D - an amulet of reflection
 F - a +4 ring of protection
Wands
 k - a wand of charming (4)
 B - a wand of polymorph (8)
Scrolls
 e - a scroll of noise {unknown}
 f - a scroll of brand weapon {unknown}
 g - 7 scrolls of teleportation {unknown}
 m - 6 scrolls of identify
 n - a scroll of enchant weapon {unknown}
 p - 3 scrolls of poison {unknown}
 r - 2 scrolls of fog {unknown}
 u - a scroll of blinking {unknown}
 v - a scroll of immolation {unknown}
 w - 3 scrolls of revelation {unknown}
 y - a scroll of silence {unknown}
 C - a scroll of vulnerability {unknown}
 G - a scroll of amnesia {unknown}
Potions
 d - 3 potions of might
 h - 3 potions of heal wounds
 i - 2 potions of curing
 j - 2 potions of mutation {unknown}
 o - a potion of enlightenment {unknown}
 q - 3 potions of attraction
 s - 2 potions of haste {unknown}
 x - 2 potions of ambrosia {unknown}
 z - a potion of resistance {unknown}
 A - a potion of cancellation {unknown}


   Skills:
 + Level 10.2 Fighting
 + Level 9.1 Axes
 - Level 3.0 Armour
 - Level 3.0 Shields


You had 8 spell levels left.
You didn't know any spells.
Your spell library contained the following spells:

 Spells                   Type           Power      Damage    Failure   Level
 Ensorcelled Hibernation  Hex/Ice        0%         N/A       58%         2
 Lesser Beckoning         Tloc           0%         N/A       58%         2
 Passwall                 Tmut/Erth      0%         N/A       58%         2
 Scorch                   Fire           0%         2d5       58%         2
 Sublimation of Blood     Necr           0%         N/A       58%         2
 Wereblood                Tmut           0%         N/A       58%         2
 Gell's Gravitas          Tloc           0%         N/A       83%         3
 Inner Flame              Hex/Fire       0%         N/A       83%         3
 Stone Arrow              Conj/Erth      0%         3d7       83%         3
 Swiftness                Air            0%         N/A       83%         3
 Teleport Other           Tloc           0%         N/A       83%         3
 Animate Armour           Summ/Erth      0%         N/A       99%         4
 Flame Wave               Conj/Fire      0%         2d4       99%         4
 Sticky Flame             Conj/Fire      0%         2d3       99%         4
 Summon Cactus Giant      Summ           0%         N/A       100%        6
 Summon Hydra             Summ           0%         N/A       100%        7
 Lehudib's Crystal Spear  Conj/Erth      0%         10d2      100%        8


Dungeon Overview and Level Annotations

Branches:
Dungeon (8/15)             Temple (1/1) D:7
   Lair: D:8-11

Altars:
Ashenzari
Cheibriados
Dithmenos
Fedhas
Gozag
Hepliaklqana
Kikubaaqudgha
Makhleb
Nemelex Xobeh
Okawaru
Qazlal
Ru
Sif Muna
Trog
Uskayaw
Vehumet
Wu Jian
Xom

Shops:
D:4 (   D:5 *   D:7 ?


Innate Abilities, Weirdness & Mutations

You are mostly covered in large bone plates. (SH +6)
A demonic guardian rushes to your aid.
A meltable shield of frost defends you. (SH +4)
You have a small tail.


Message History

The killer bee stings you but does no damage.
You block the killer bee's attack. You block the bullfrog's attack.
The killer bee barely misses you. The white imp closely misses you.
Your ice devil hits the bullfrog!
Your ice devil freezes the bullfrog!
The bullfrog hits your ice devil but does no damage.
The killer bee closely misses you.
You slice the bullfrog!!
You kill the bullfrog!
Makhleb accepts your kill.
You barely miss the killer bee. You hit the white imp.
You slash the killer bee!
You kill the killer bee!
Makhleb accepts your kill.
* * * LOW HITPOINT WARNING * * *
You feel very sick. The killer bee closely misses you. The white imp hits you.
* * * LOW HITPOINT WARNING * * *
The white imp freezes you.
* * * LOW HITPOINT WARNING * * *
You block the killer bee's attack.
Your ice devil misses the killer bee.
It was a potion of curing.
You feel better. The killer bee barely misses you.
You block the white imp's attack. You block the killer bee's attack.
Your ice devil closely misses the killer bee.
You barely miss the killer bee.
The killer bee is severely wounded.
You hit the white imp but do no damage. You block the killer bee's attack.
The white imp closely misses you. You block the killer bee's attack.
Your ice devil hits the killer bee!
The killer bee dies!
Makhleb accepts your kill.
You barely miss the white imp.
The white imp is moderately wounded.
The white imp gestures at you. The puff of frost hits you!
* * * LOW HITPOINT WARNING * * *
You hit the white imp.
The white imp is heavily wounded.
The white imp gestures at you. The puff of frost hits you!
You die...

#########
#.......>
#........
#.)......
#######@5......
#....<†4.......
...>>............
.................
......[...##.####
..........# .#
.......>... .
............ ..
.....%..##...


You could see a white imp (ally target) and a friendly ice devil (summoned).

Vanquished Creatures
  The ghost of Seven7 the Trooper, an amateur MiFi (D:3)
  Menkaure (D:5)
  2 water moccasins
  2 black bears
  An ice beast (D:5)
  A sky beast (D:7)
  2 ogres
  2 centaurs
  2 phantoms
  2 necrophages (D:6)
  2 bullfrogs
  3 scorpions
  A water moccasin zombie (D:6)
  4 wights (D:6)
  2 killer bees (D:8)
  A centaur zombie (D:6)
  4 hounds
  A human zombie (D:6)
  A jelly (D:6)
  2 orc priests
  A sleepcap (D:6)
  2 gnoll boudas
  5 iguanas
  Natasha (thrice) (D:3)
  7 orc wizards
  2 mummies (D:6)
  A howler monkey zombie (D:6)
  7 gnolls (D:5)
  5 adders
  A shadow imp (D:5)
  A white imp (D:7)
  2 ufetubi
  3 worms
  3 dart slugs
  12 orcs
  9 ball pythons
  7 endoplasms
  7 giant cockroaches
  10 goblins
  9 hobgoblins
  4 jackals (D:2)
  3 quokkas
  4 bats
  3 frilled lizards (D:1)
  5 kobolds
  4 rats
157 creatures vanquished.

Vanquished Creatures (collateral kills)
  A steam dragon (D:7)
  A killer bee (D:8)
  An orc wizard (D:3)
  A worm (D:3)
  An orc (D:4)
5 creatures vanquished.

Vanquished Creatures (others)
  An orc wizard (D:4)
1 creature vanquished.

Grand Total: 163 creatures vanquished

Notes
Turn   | Place    | Note
-------+----------+-------------------------------------------
     0 | D:1      | BritishOli the Demonspawn Fighter began the quest for the
                  | Orb.
     0 | D:1      | Reached XP level 1. HP: 18/18 MP: 1/1
   160 | D:1      | Gained mutation: You are partially covered in large bone
                  | plates. (SH +4) [demonic ancestry]
   160 | D:1      | Reached XP level 2. HP: 17/24 MP: 2/2
  1054 | D:2      | Gained mutation: A meltable shield of frost defends you.
                  | (SH +4) [demonic ancestry]
  1054 | D:2      | Reached XP level 3. HP: 29/29 MP: 3/3
  1194 | D:2      | Found a sacrificial altar of Ru.
  1908 | D:3      | Found a runed translucent door.
  1913 | D:3      | Noticed Seven7's ghost (amateur MiFi)
  1928 | D:3      | Gained mutation: A weak demonic guardian rushes to your
                  | aid. [demonic ancestry]
  1928 | D:3      | Reached XP level 4. HP: 36/37 MP: 4/4
  2013 | D:3      | Reached skill level 4 in Fighting
  2035 | D:3      | Noticed Natasha
  2044 | D:3      | Killed Natasha
  2164 | D:3      | Noticed Natasha
  2176 | D:3      | Killed Natasha
  2177 | D:3      | Reached XP level 5. HP: 21/43 MP: 5/5
  2304 | D:3      | Found a faded altar of an unknown god.
  2572 | D:3      | Noticed Natasha
  2579 | D:3      | Killed Natasha
  2871 | D:3      | Killed Seven7's ghost
  2872 | D:3      | Reached skill level 5 in Fighting
  2872 | D:3      | Reached XP level 6. HP: 15/51 MP: 6/6
  3053 | D:4      | Gained mutation: You have a small tail. [demonic ancestry]
  3053 | D:4      | Reached XP level 7. HP: 50/57 MP: 7/7
  3078 | D:4      | Reached skill level 5 in Axes
  3243 | D:4      | Reached skill level 6 in Fighting
  3426 | D:4      | Found Coetuigg's Antique Weapon Emporium.
  3685 | D:4      | Found a hazy altar of Hepliaklqana.
  3715 | D:4      | Found a snail-covered altar of Cheibriados.
  4002 | D:5      | Entered Level 5 of the Dungeon
  4166 | D:5      | Noticed Menkaure
  4170 | D:5      | Killed Menkaure
  4220 | D:5      | Reached skill level 7 in Fighting
  4220 | D:5      | Gained mutation: A demonic guardian rushes to your aid.
                  | [demonic ancestry]
  4220 | D:5      | Reached XP level 8. HP: 67/67 MP: 8/8
  4405 | D:5      | Found Yrollome's General Store.
  4423 | D:5      | Bought a potion of heal wounds for 75 gold pieces
  4441 | D:5      | Bought a scroll of identify for 30 gold pieces
  4675 | D:5      | Found an opulent altar of Gozag.
  4942 | D:5      | Reached skill level 8 in Fighting
  5244 | D:5      | Found a stormy altar of Qazlal.
  5784 | D:6      | Gained mutation: You are mostly covered in large bone
                  | plates. (SH +6) [demonic ancestry]
  5784 | D:6      | Reached XP level 9. HP: 66/75 MP: 9/9
  6069 | D:6      | Found an ancient bone altar of Kikubaaqudgha.
  6088 | D:6      | Reached skill level 9 in Fighting
  6570 | D:7      | Found a staircase to the Ecumenical Temple.
  6583 | Temple   | Entered the Ecumenical Temple
  6605 | Temple   | Became a worshipper of Makhleb the Destroyer
  6893 | D:7      | Found a radiant altar of Vehumet.
  7043 | D:7      | Found an iron altar of Okawaru.
  7182 | D:7      | Found The Oracle's Delphic Readings.
  7216 | D:8      | Reached skill level 10 in Fighting
  7223 | D:8      | Killed from afar by a white imp

Illustrated notes

Levels and vault maps discovered:
D:1:      dpeg_arrival_shrine, layout_basic
D:2:      layout_basic, basic_altar
D:3:      layout_basic, hellmonk_ghost_happy_afterlife,
          ebering_ecumenical_altar_rust, serial_rivers,
          chequers_serial_rivers_small_a, chequers_serial_rivers_micro_a,
          chequers_serial_rivers_micro_d, chequers_serial_rivers_micro_c,
          minmay_quantized, uniq_natasha
D:4:      layout_loops_ring, cheibriados_altar_1, kennysheep_mini, serial_shops,
          shop
D:5:      layout_basic, grunt_gozag_breadcrumbs, mainiacjoe_overflow_alcove_4,
          serial_shops, shop, uniq_menkaure
D:6:      layout_rooms, lemuel_mausoleum_altar_kikubaaqudgha, minmay_hedge_maze,
          minmay_a_box_with_orc_wizards_in_it
D:7:      layout_basic, okawaru_gym_becter,
          mainiacjoe_overflow_concentric_impassable,
          minmay_temple_entry_proselytizer, nicolae_nh_oracle_at_delphi
D:8:      layout_rooms, zin_angel, yredelemnul_altar_generic
Temple:   nicolae_temple_ecumenical_triangle

Skill      XL: |  1  2  3  4  5  6  7  8  9 |
---------------+----------------------------+-----
Axes           | 2 3 4 6 7 9 |  9.1
Armour         | 3 |  3.0
Shields        | 3 |  3.0
Fighting       | 4 5 7 8 10 | 10.2

Action                     |  1- 3 |  4- 6 |  7- 9 || total
---------------------------+-------+-------+-------++-------
  Melee: War axe           |   125 |    89 |   371 ||   585
         Tailslap          |       |       |    60 ||    60
    Use: Potion            |       |       |     2 ||     2
 Armour: Scale mail        |    44 |    22 |    75 ||   141
         Steam dragon scal |       |       |    20 ||    20
  Dodge: Dodged            |    56 |    27 |   113 ||   196
  Block: Buckler           |    61 |    61 |   230 ||   352

Table legend: (Time is in decaauts)
 A = Elapsed time spent in this place.
 B = Non-inter-level travel time spent in this place.
 C = Inter-level travel time spent in this place.
 D = Time resting spent in this place.
 E = Time spent auto-exploring this place.
 F = Levels seen in this place.
 G = Mean time per level.
                   A        B        C        D        E       F      G
               +--------+--------+--------+--------+--------+-----+--------+
         Total |   7389 |   7189 |    200 |    393 |   5536 |   9 |  821.0 |
       Dungeon |   7353 |   7186 |    167 |    393 |   5536 |   8 |  919.1 |
        Temple |     35 |      2 |     33 |      0 |      0 |   1 |   35.0 |
               +--------+--------+--------+--------+--------+-----+--------+

Top non-repeatable levels by time:
     D:5: 1443 daAuts
     D:3: 1179 daAuts
     D:2: 1079 daAuts
     D:4: 986 daAuts
     D:7: 935 daAuts
     D:1: 873 daAuts
     D:6: 840 daAuts
  Temple: 35 daAuts
     D:8: 15 daAuts
